 Dungeon Sprint DCSS version 0.16.1-2-g95b8d4c (webtiles) character file.

6400000 miro the Axe Maniac (level 27, -23/298 HPs)
             Began as a Naga Enchanter on Mar 25, 2015.
             Was the Champion of Makhleb.
             Annihilated by a sculptor of flesh
             ... wielding a +9 great sword
              (87 damage)
             ... in the Dungeon (Sprint VIII: "Arena of Blood").
             The game lasted 00:06:58 (64 turns).

miro the Axe Maniac (Naga Enchanter)                  Turns: 64, Time: 00:06:58

Health: -23/298    AC: 13    Str: 12    XL:     27
Magic:  18/49      EV: 35    Int: 16    God:    Makhleb [******]
Gold:   0          SH:  0    Dex: 23    Spells: 1 memorised, 79 levels left

rFire  . . .     SeeInvis +     k - +∞ Axe of Woe
rCold  . . .     Clarity  .     b - +1 robe
rNeg   . . .     SustAb   .     (no shield)
rPois  +         Gourm    .     (no helmet)
rElec  .         Spirit   .     (no cloak)
rCorr  .         Warding  .     (no gloves)
rMut   .         NoTele   +     (no barding)
MR     +++..                    (no amulet)
Stlth  ++++++++++               (no ring)
                                (no ring)

@: slowed, very slow, extremely resistant to hostile enchantments, uncannily
stealthy
A: spit poison, constrict 1, see invisible, deformed body, poison resistance,
slowness 2, AC +9
a: Spit Poison, Minor Destruction, Lesser Servant of Makhleb, Major Destruction,
Greater Servant of Makhleb, Renounce Religion


You were in the Dungeon.
You worshipped Makhleb.
Makhleb was exalted by your worship.
You were not hungry.

You visited 1 branch

Inventory:

Hand weapons
 a - a +1 dagger
 k - the +∞ Axe of Woe (weapon)
   (You found it in the Dungeon)
Armour
 b - a +1 robe (worn)
Jewellery
 e - an uncursed ring of see invisible
Scrolls
 j - a scroll of blinking
Potions
 f - a potion of heal wounds
 g - a potion of haste
 h - 2 potions of magic
 i - a potion of berserk rage
Books
 c - a book of Maledictions

   Spells                             Type                      Level
   a - Corona                         Hexes                        1
   b - Sure Blade                     Hexes/Charms                 2
   c - Ensorcelled Hibernation        Hexes/Ice                    2
   d - Confuse                        Hexes                        3
   e - Dazzling Spray                 Conjuration/Hexes            3
   f - Enslavement                    Hexes                        4
Comestibles
 d - a bread ration


   Skills:
 O Level 27 Fighting
 O Level 27 Short Blades
 O Level 27 Axes
 O Level 27 Throwing
 O Level 27 Armour
 O Level 27 Dodging
 O Level 27 Stealth
 O Level 27 Unarmed Combat
 O Level 27 Spellcasting
 O Level 27 Hexes
 O Level 27 Invocations


You had 79 spell levels left.
You knew the following spells:

 Your Spells              Type           Power        Failure   Level  Hunger
a - Corona                Hex            #######      0%          1    None


Dungeon Overview and Level Annotations

Branches:
Dungeon (1/1)

Altars:
Makhleb


Innate Abilities, Weirdness & Mutations

You cannot wear boots.
You can spit poison.
You can use your snake-like lower body to constrict enemies.
Your serpentine skin is tough (AC +9).
You have supernaturally acute eyesight.
Armour fits poorly on your strangely shaped body.
Your system is resistant to poisons.
You cover ground very slowly.


Message History

You kill the bag of meat!
Makhleb accepts your kill.
You feel a little better.
The large abomination disappears in a puff of smoke! x2
The tentacled monstrosity disappears in a puff of smoke! x2
The large abomination disappears in a puff of smoke! x3
You hear a shout! x7
Put on which piece of jewellery? (? for menu, Esc to quit)
Okay, then.
You hear a shout! x9
The meat beast completely misses you. The meat beast misses you.
You hear a shout! x5
The sculptor of flesh hits you with a +9 great sword!!!!!
Ouch! That really hurt!
* * * LOW HITPOINT WARNING * * *
You hear a shout! x6
The meat beast barely misses you. The meat beast completely misses you.
You hear a shout! x7
The sculptor of flesh hits you with a +9 great sword!!!!
You die...

......%).))......#
.......)))..%.##.
....#..)))...#...
.......).)...#%..
...##.#.).....§..
........))..§§...
###....#).)..####
...........§...#..
........z@........
#......2........#
#################


You could see a meat beast and a sculptor of flesh.

Vanquished Creatures
  3 greater mummies (D)
  A hell beast (D)
  2 hill giants (D)
  A hydra (D)
  2 liches (D)
  21 ogres (D)
  47 orcs (D)
  3 skeletal warriors (D)
  7 vampire knights (D)
  2 tentacled monstrosities (D)
  7 small abominations (D)
  6 large abominations (D)
  5 crawling corpses (D)
107 creatures vanquished.

Vanquished Creatures (others)
  A crawling corpse (D)
1 creature vanquished.

Grand Total: 108 creatures vanquished

Notes
Turn   | Place    | Note
--------------------------------------------------------------
     0 | D        | miro, the Naga Enchanter, began the quest for the Orb.
     0 | D        | Reached XP level 1. HP: 15/15 MP: 3/3
     3 | D        | Noticed a bag of meat
     3 | D        | Noticed a bag of meat
     4 | D        | Became a worshipper of Makhleb the Destroyer
     5 | D        | Noticed a meat berserker
     5 | D        | Killed a meat berserker
     5 | D        | Reached skill level 8 in Dodging
     5 | D        | Reached skill level 22 in Stealth
     5 | D        | Reached skill level 10 in Spellcasting
     5 | D        | Reached XP level 2. HP: 20/27 MP: 3/16
     5 | D        | Reached XP level 3. HP: 24/33 MP: 3/18
     5 | D        | Reached XP level 4. HP: 29/40 MP: 3/21
     5 | D        | Reached XP level 5. HP: 33/46 MP: 3/22
     5 | D        | Reached XP level 6. HP: 39/55 MP: 3/24
     5 | D        | Reached XP level 7. HP: 43/61 MP: 3/25
     5 | D        | Reached XP level 8. HP: 47/68 MP: 3/27
     5 | D        | Reached XP level 9. HP: 51/74 MP: 3/28
     5 | D        | Reached XP level 10. HP: 55/81 MP: 3/29
     5 | D        | Reached XP level 11. HP: 59/87 MP: 3/30
     6 | D        | Noticed a meat berserker
     6 | D        | Killed a meat berserker
     6 | D        | Acquired Makhleb's first power
     6 | D        | Reached skill level 10 in Axes
     6 | D        | Reached skill level 10 in Dodging
     6 | D        | Reached XP level 12. HP: 63/99 MP: 3/31
     7 | D        | Noticed a meat berserker
     7 | D        | Noticed a bag of meat
     7 | D        | Killed a bag of meat
     7 | D        | Reached skill level 5 in Fighting
     7 | D        | Reached XP level 13. HP: 104/109 MP: 3/32
     8 | D        | Noticed a meat berserker
     8 | D        | Noticed a bag of meat
     8 | D        | Noticed a meat berserker
     8 | D        | Noticed a meat berserker
     8 | D        | Noticed a bag of meat
     9 | D        | Noticed a bag of meat
     9 | D        | Noticed a bag of meat
    10 | D        | Noticed a meat berserker
    10 | D        | Noticed a bag of meat
    10 | D        | Noticed a bag of meat
    10 | D        | Killed a meat berserker
    10 | D        | Acquired Makhleb's second power
    10 | D        | Reached XP level 14. HP: 35/120 MP: 4/32
    10 | D        | Killed a meat berserker
    10 | D        | Reached skill level 15 in Armour
    10 | D        | Killed a bag of meat
    10 | D        | Acquired Makhleb's third power
    10 | D        | Reached XP level 15. HP: 36/129 MP: 4/33
    11 | D        | Noticed a bag of meat
    11 | D        | Noticed a meat berserker
    11 | D        | Killed a meat berserker
    11 | D        | Noticed a bag of meat
    12 | D        | Noticed a bag of meat
    12 | D        | Killed a meat berserker
    12 | D        | Acquired Makhleb's fourth power
    12 | D        | Killed a meat berserker
    12 | D        | Reached XP level 16. HP: 142/146 MP: 5/34
    12 | D        | Killed a bag of meat
    12 | D        | Reached skill level 10 in Fighting
    12 | D        | Reached skill level 23 in Axes
    12 | D        | Reached skill level 15 in Dodging
    13 | D        | Noticed a bag of meat
    13 | D        | Killed a meat berserker
    13 | D        | Acquired Makhleb's fifth power
    13 | D        | Reached skill level 24 in Axes
    13 | D        | Killed a bag of meat
    13 | D        | Killed a bag of meat
    13 | D        | Reached skill level 25 in Axes
    13 | D        | Reached XP level 17. HP: 157/162 MP: 5/34
    14 | D        | Killed a bag of meat
    14 | D        | Reached skill level 26 in Axes
    15 | D        | Noticed a meat berserker
    15 | D        | Noticed a meat berserker
    16 | D        | Noticed a large bag of meat
    16 | D        | Noticed a bag of meat
    16 | D        | Killed a bag of meat
    16 | D        | Reached skill level 27 in Axes
    16 | D        | Killed a bag of meat
    16 | D        | Killed a bag of meat
    16 | D        | Reached skill level 15 in Fighting
    16 | D        | Reached XP level 18. HP: 176/181 MP: 6/35
    17 | D        | Noticed a bag of meat
    17 | D        | Noticed a meat berserker
    17 | D        | Noticed a bag of meat
    17 | D        | Noticed a bag of meat
    18 | D        | Noticed a meat berserker
    18 | D        | Noticed a bag of meat
    18 | D        | Killed a meat berserker
    18 | D        | Killed a bag of meat
    18 | D        | Reached skill level 27 in Armour
    18 | D        | Killed a meat berserker
    19 | D        | Killed a bag of meat
    20 | D        | Killed a bag of meat
    20 | D        | Reached XP level 19. HP: 202/208 MP: 6/36
    21 | D        | Killed a meat berserker
    22 | D        | Noticed a bag of meat
    22 | D        | Killed a large bag of meat
    23 | D        | Killed a meat berserker
    23 | D        | Killed a bag of meat
    23 | D        | Killed a bag of meat
    23 | D        | Reached XP level 20. HP: 232/235 MP: 7/36
    24 | D        | Noticed a bag of meat
    24 | D        | Noticed a bag of meat
    24 | D        | Noticed a large bag of meat
    24 | D        | Noticed a meat berserker
    24 | D        | Noticed a destroyer
    24 | D        | Noticed a meat berserker
    24 | D        | Noticed a bag of meat
    24 | D        | Noticed a bag of meat
    25 | D        | Noticed a bag of meat
    25 | D        | Noticed an eight-headed meat hydra
    25 | D        | Killed a bag of meat
    25 | D        | Reached skill level 27 in Fighting
    25 | D        | Reached skill level 27 in Dodging
    25 | D        | Killed a bag of meat
    26 | D        | Noticed a bag of meat
    26 | D        | Noticed a bag of meat
    26 | D        | Killed a bag of meat
    26 | D        | Reached skill level 10 in Throwing
    26 | D        | Reached skill level 10 in Unarmed Combat
    27 | D        | Noticed a meat berserker
    27 | D        | Noticed a bag of meat
    27 | D        | Noticed a sculptor of flesh
    27 | D        | Killed a destroyer
    28 | D        | Noticed a bag of meat
    28 | D        | Noticed a bag of meat
    28 | D        | Noticed a bag of meat
    29 | D        | Killed a meat berserker
    29 | D        | Reached skill level 15 in Invocations
    29 | D        | Killed a bag of meat
    29 | D        | Reached skill level 15 in Throwing
    29 | D        | Reached XP level 21. HP: 244/244 MP: 8/37
    29 | D        | Killed a bag of meat
    29 | D        | Killed a meat berserker
    30 | D        | Noticed a bag of meat
    30 | D        | Noticed a bag of meat
    30 | D        | Noticed a meat berserker
    30 | D        | Killed a meat berserker
    30 | D        | Killed a large bag of meat
    31 | D        | Noticed a destroyer
    31 | D        | Killed a nine-headed meat hydra
    31 | D        | Killed a bag of meat
    32 | D        | Noticed a bag of meat
    32 | D        | Noticed a bag of meat
    32 | D        | Noticed a bag of meat
    32 | D        | Noticed a bag of meat
    32 | D        | Noticed a bag of meat
    32 | D        | Noticed a bag of meat
    33 | D        | Noticed a sculptor of flesh
    33 | D        | Noticed a bag of meat
    33 | D        | Killed a bag of meat
    33 | D        | Killed a bag of meat
    33 | D        | Reached XP level 22. HP: 254/254 MP: 9/42
    33 | D        | Killed a bag of meat
    33 | D        | Killed a bag of meat
    34 | D        | Killed a bag of meat
    34 | D        | Reached skill level 27 in Invocations
    34 | D        | Killed a bag of meat
    35 | D        | Noticed a destroyer
    35 | D        | Killed a meat berserker
    35 | D        | Reached skill level 27 in Throwing
    35 | D        | Reached skill level 27 in Unarmed Combat
    35 | D        | Killed a bag of meat
    37 | D        | Noticed a destroyer
    37 | D        | Killed a destroyer
    37 | D        | Reached XP level 23. HP: 262/262 MP: 10/43
    37 | D        | Killed a bag of meat
    37 | D        | Reached skill level 27 in Stealth
    37 | D        | Killed a bag of meat
    37 | D        | Reached skill level 15 in Spellcasting
    37 | D        | Killed a sculptor of flesh
    37 | D        | Killed a bag of meat
    37 | D        | Killed a bag of meat
    37 | D        | Reached skill level 5 in Short Blades
    37 | D        | Reached skill level 27 in Hexes
    37 | D        | Killed a bag of meat
    39 | D        | Noticed a destroyer
    39 | D        | Killed a destroyer
    39 | D        | Killed a bag of meat
    39 | D        | Reached XP level 24. HP: 203/272 MP: 10/47
    39 | D        | Killed a bag of meat
    39 | D        | Killed a bag of meat
    39 | D        | Reached skill level 27 in Spellcasting
    39 | D        | Killed a bag of meat
    40 | D        | Noticed a destroyer
    40 | D        | Noticed a destroyer
    40 | D        | Noticed a bag of meat
    41 | D        | Noticed a meat berserker
    41 | D        | Noticed a bag of meat
    41 | D        | Noticed a tyrant
    41 | D        | Killed a bag of meat
    41 | D        | Killed a bag of meat
    42 | D        | Noticed a meat berserker
    42 | D        | Killed a destroyer
    42 | D        | Killed a sculptor of flesh
    42 | D        | Reached skill level 27 in Short Blades
    42 | D        | Killed a bag of meat
    43 | D        | Noticed a meat berserker
    43 | D        | Noticed a bag of meat
    44 | D        | Noticed a meat berserker
    44 | D        | Killed a meat berserker
    44 | D        | Reached XP level 25. HP: 280/280 MP: 11/49
    44 | D        | Killed a destroyer
    45 | D        | Noticed a sculptor of flesh
    45 | D        | Killed a bag of meat
    45 | D        | Killed a meat berserker
    46 | D        | Noticed a bag of meat
    47 | D        | Killed a bag of meat
    47 | D        | Killed a meat berserker
    48 | D        | Noticed an accursed
    48 | D        | Killed a destroyer
    49 | D        | Killed a meat berserker
    50 | D        | Noticed a bag of meat
    51 | D        | Killed a destroyer
    51 | D        | Killed a bag of meat
    51 | D        | Reached XP level 26. HP: 290/290 MP: 13/49
    52 | D        | Noticed an accursed
    52 | D        | Noticed an accursed
    53 | D        | Killed a tyrant
    53 | D        | Killed a bag of meat
    55 | D        | Noticed a meat berserker
    56 | D        | Noticed a tyrant
    56 | D        | Killed an accursed
    56 | D        | Killed a bag of meat
    56 | D        | Killed an accursed
    56 | D        | Killed a sculptor of flesh
    58 | D        | Noticed a meat beast
    58 | D        | Noticed a bag of meat
    58 | D        | Noticed a bag of meat
    58 | D        | Noticed a bag of meat
    59 | D        | Noticed a sculptor of flesh
    59 | D        | Killed an accursed
    59 | D        | Killed a meat berserker
    60 | D        | Noticed a bag of meat
    62 | D        | Noticed a meat beast
    62 | D        | Killed a meat beast
    62 | D        | Killed a bag of meat
    62 | D        | Reached XP level 27. HP: 164/298 MP: 17/49
    63 | D        | Killed a tyrant
    63 | D        | Killed a bag of meat
    63 | D        | Killed a bag of meat
    64 | D        | Annihilated by a sculptor of flesh

Action                   |  1- 3 |  4- 6 |  7- 9 | 10-12 | 13-15 | 16-18 | 19-21 | 22-24 | 25-27 || total
-------------------------+-------+-------+-------+-------+-------+-------+-------+-------+-------++-------
Melee: Executioner's axe |     1 |       |       |     2 |     3 |     6 |    11 |     7 |    10 ||    40
  Use: Potion            |       |       |       |       |       |       |       |       |     1 ||     1
